 Dungeon Crawl Stone Soup version 0.23-a0-32-g1388f29 (webtiles) character file.

438 tilp the Chiller (level 7, 0/51 HPs)
             Began as a Merfolk Ice Elementalist on Aug 4, 2018.
             Slain by a killer bee zombie (7 damage)
             ... on level 5 of the Dungeon.
             The game lasted 00:14:22 (4751 turns).

tilp the Chiller (Merfolk Ice Elementalist)         Turns: 4751, Time: 00:14:22

Health: 0/51       AC:  5    Str:  8    XL:     7   Next: 1%
Magic:  6/10       EV: 14    Int: 16    God:
Gold:   205        SH:  0    Dex: 15    Spells: 4/10 levels left

rFire    . . .     SeeInvis .   p - +2 spear (freeze)
rCold    . . .     Gourm    .   (no shield)
rNeg     . . .     Faith    .   a - +0 robe
rPois    +         Spirit   .   (no helmet)
rElec    .         Reflect  .   t - +2 cloak {rPois}
rCorr    .         Harm     .   (no gloves)
MR       .....                  (no boots)
Stlth    ++........             (no amulet)
HPRegen  0.17/turn              (no ring)
MPRegen  0.12/turn              (no ring)

@: very slightly contaminated
A: change form in water, swift swim, stealthy swim
a: no special abilities


You were on level 5 of the Dungeon.
You were not hungry.

You visited 1 branch of the dungeon, and saw 6 of its levels.

You collected 205 gold pieces.

Inventory:

Hand Weapons
 g - a +0 dagger
 m - a +0 spear
 p - a +2 spear of freezing (weapon)
 x - a +0 hunting sling
 D - a +0 trident of flaming
Missiles
 b - 294 stones (quivered)
Armour
 a - a +0 robe (worn)
 t - a +2 cloak of poison resistance (worn)
 u - a +0 scale mail of fire resistance
Jewellery
 i - a cursed -5 ring of evasion {unknown}
 y - an uncursed ring of positive energy {unknown}
Wands
 w - a wand of flame (42)
Scrolls
 e - a scroll of magic mapping
 h - 6 scrolls of remove curse
 j - a scroll of blinking
 l - a scroll of noise {unknown}
 r - a scroll of identify
 s - a scroll of enchant weapon {unknown}
 B - a scroll of immolation {unknown}
Potions
 d - a potion of haste
 k - a potion of resistance {unknown}
 n - a potion of heal wounds {unknown}
 o - 2 potions of degeneration
 q - a potion of flight {unknown}
 v - 3 potions of mutation
 z - a potion of invisibility {unknown}
 A - a potion of agility {unknown}
 C - a potion of might {unknown}
Comestibles
 c - 14 rations


   Skills:
 + Level 2.5 Fighting
 * Level 5.1 Polearms
 + Level 4.3 Dodging
 - Level 2.1 Stealth
 - Level 2.0 Spellcasting
 - Level 0.7 Conjurations
 - Level 6.0 Ice Magic


You had 4 spell levels left.
You knew the following spells:

 Your Spells              Type           Power        Failure   Level  Hunger
a - Freeze                Ice            ###.         1%          1    #......
b - Throw Frost           Conj/Ice       ##....       8%          2    ###....
c - Ozocubu's Armour      Chrm/Ice       ##......     19%         3    ###....

Your spell library contained the following spells:

 Spells                   Type           Power        Failure   Level  Hunger
 Summon Ice Beast         Ice/Summ       ##......     52%         4    #####..
 Throw Icicle             Conj/Ice       ##......     45%         4    #####..


Dungeon Overview and Level Annotations

Branches:
Dungeon (6/15)             Temple (0/1) D:6

Altars:
Ashenzari
Gozag
Hepliaklqana
Nemelex Xobeh
Qazlal
Ru
Trog
Wu Jian


Message History

The killer bee zombie is heavily damaged.
The killer bee zombie hits you but does no damage.
You completely miss the killer bee zombie.
The killer bee zombie is heavily damaged.
The killer bee zombie hits you. x2
* * * LOW HITPOINT WARNING * * *
You hit the killer bee zombie.
The killer bee zombie is heavily damaged.
The killer bee zombie barely misses you.
Unknown command.
Your icy armour cracks and falls away as you move.
The killer bee zombie closely misses you.
The killer bee zombie closely misses you.
The killer bee zombie misses you. The killer bee zombie hits you.
* * * LOW HITPOINT WARNING * * *
The killer bee zombie barely misses you.
The killer bee zombie barely misses you.
The killer bee zombie hits you!
You die...

#†##.# #.# #{#
#.##.# #.# #o#
##.##.# #.# #>#
#..c#.###.###o#
#..h.......##o#
#...##c###.##o#
######h# #.##..
...#####Z###.####
......^@.....#
...####.##.###
#.##.# #.##.#
#.##.## #.#.#.##
#..###.# ###.#..#
#...#.#


You could see a centaur, a killer bee zombie and a jackal.

Vanquished Creatures
  A black bear (D:6)
  2 hounds
  An orc priest (D:3)
  An iguana (D:6)
  A worker ant (D:6)
  7 adders
  2 shadow imps (D:5)
  2 oozes
  An adder zombie (D:3)
  A worm (D:5)
  9 dart slugs
  3 leopard geckos
  12 orcs
  4 giant cockroaches
  8 hobgoblins
  10 jackals
  3 kobolds
  2 quokkas
  6 bats
  4 frilled lizards
  6 goblins
  A jackal skeleton (D:4)
  5 rats
92 creatures vanquished.

Vanquished Creatures (others)
  5 toadstools (D:1)
5 creatures vanquished.

Grand Total: 97 creatures vanquished

Notes
Turn   | Place    | Note
-------+----------+-------------------------------------------
     0 | D:1      | tilp the Merfolk Ice Elementalist began the quest for the Orb.
     0 | D:1      | Reached XP level 1. HP: 13/13 MP: 3/3
   152 | D:1      | Reached XP level 2. HP: 19/19 MP: 1/5
   159 | D:1      | Learned a level 2 spell: Throw Frost
   190 | D:1      | Reached skill level 4 in Ice Magic
   696 | D:1      | Reached XP level 3. HP: 22/24 MP: 3/6
   701 | D:1      | Learned a level 3 spell: Ozocubu's Armour
   882 | D:2      | Found a sparkling altar of Nemelex Xobeh.
   903 | D:2      | Found a shattered altar of Ashenzari.
  1043 | D:2      | Reached skill level 5 in Ice Magic
  1182 | D:2      | Reached XP level 4. HP: 23/30 MP: 1/7
  1240 | D:2      | Found a hazy altar of Hepliaklqana.
  1778 | D:3      | Reached skill level 1 in Polearms
  2310 | D:3      | Found a bloodstained altar of Trog.
  2480 | D:3      | Reached XP level 5. HP: 36/36 MP: 6/8
  2510 | D:3      | Found a stormy altar of Qazlal.
  2586 | D:3      | Found an opulent altar of Gozag.
  2667 | D:3      | Reached skill level 1 in Fighting
  2730 | D:3      | You fall through a shaft for 3 floors!
  2730 | D:6      | Noticed a black bear
  2731 | D:6      | Noticed a centaur
  2750 | D:6      | Killed a black bear
  2750 | D:6      | Reached XP level 6. HP: 27/44 MP: 0/9
  2935 | D:6      | Reached skill level 6 in Ice Magic
  3064 | D:6      | Noticed a sky beast
  3071 | D:5      | Entered Level 5 of the Dungeon
  3622 | D:3      | Found an ornate altar of the Wu Jian Council.
  4132 | D:4      | Found a sacrificial altar of Ru.
  4492 | D:5      | Reached skill level 5 in Polearms
  4597 | D:5      | Reached XP level 7. HP: 32/51 MP: 8/10
  4751 | D:5      | Slain by a killer bee zombie

Vault maps used:
D:1:      ldierk_walled_garden
D:2:      overflow_temple_1_default, nicolae_overflow_crystal_walls,
          first_ration, st_stairs_4, ashenzari_altar_1
D:3:      lemuel_round_altar, grunt_qazlal_sundering,
          nicolae_overflow_hidden_temple, roderic_lattice_a, bloody_trog
D:4:      kennysheep_slugbush, lemuel_round_altar, fountainhead
D:5:      serial_shops, shop, cheibriados_altar_1
D:6:      lemuel_round_altar, minmay_temple_entry_junction,
          hangedman_abyss_or_decor_jellyfish_corner

Skill      XL: |  1  2  3  4  5  6 |
---------------+-------------------+-----
Ice Magic      | 4 5 6 |  6.0
Polearms       | 1 3 5 |  5.1
Dodging        | 3 4 |  4.3
Fighting       | 1 2 |  2.5
Stealth        | |  2.1
Spellcasting   | |  2.0
Conjurations   | |  0.7

Action                   |  1- 3 |  4- 6 |  7- 9 || total
-------------------------+-------+-------+-------++-------
Melee: Short sword       |     4 |       |       ||     4
       Dagger            |    23 |     1 |       ||    24
       Spear             |       |   168 |    14 ||   182
       Tailslap          |       |     2 |       ||     2
Throw: Stone             |     1 |       |       ||     1
 Cast: Freeze            |    38 |    46 |       ||    84
       Ozocubu's Armour  |     1 |     5 |     1 ||     7
       Throw Frost       |       |     4 |       ||     4
  Use: Scroll            |     2 |     8 |       ||    10
       Potion            |       |     1 |       ||     1
 Stab: Sleeping          |     5 |     9 |       ||    14
  Eat: Chunk             |     2 |    12 |     1 ||    15
Armor: Robe              |    11 |    31 |     4 ||    46
Dodge: Dodged            |    40 |   141 |    19 ||   200

Table legend:
 A = Spawn XP
 B = Non-spawn XP
 C = Spawn XP percentage of total XP
 D = Spawn monster count
 E = Non-spawn monster count
 F = Spawn count percentage of total count
 G = Total turns spent on level
                    A         B        C        D         E        F      G
               +---------+---------+-------+---------+---------+-------+---------
         Total |       0 |     627 |   0.0 |       0 |      92 |   0.0 |  4751
               +---------+---------+-------+---------+---------+-------+---------
           D:1 |       0 |      43 |   0.0 |       0 |      21 |   0.0 |   882
           D:2 |       0 |      62 |   0.0 |       0 |      16 |   0.0 |   772
           D:3 |       0 |     133 |   0.0 |       0 |      25 |   0.0 |  1178
           D:4 |       0 |     109 |   0.0 |       0 |      16 |   0.0 |   965
           D:5 |       0 |      83 |   0.0 |       0 |      11 |   0.0 |   613
           D:6 |       0 |     197 |   0.0 |       0 |       3 |   0.0 |   341
               +---------+---------+-------+---------+---------+-------+---------
